Little Stars vs Influenza
Created - 19 janvier 2013 at 23:36
Goals
|
| Little Stars |
0 |
1 |
1 |
2 |
| Influenza |
3 |
1 |
2 |
6 |
|
Shots
|
| Little Stars |
10 |
10 |
15 |
35 |
| Influenza |
14 |
12 |
14 |
40 |
|
1st period
1. Influenza , Justin Abdelkader 18 (Blake Comeau, Brian Salcido) at 1:37
2. Influenza , Blake Comeau 12 (Ryan Carter, Justin Abdelkader) at 15:14
3. Influenza , Blake Comeau 13 (Justin Abdelkader, Ryan Carter) at 18:23
Penalties :
No Penalty
2nd period
4. Little Stars , Greg Stewart 14 (Matt Pelech, Patrick O'Sullivan) at 10:04
5. Influenza , Rob Schremp 12 (Blake Comeau, Justin Abdelkader) at 10:30 (PP)
Penalties :
Juraj Mikus (VJB) for Hooking (Minor) at 1:57, Hugh Jessiman (Tex) for High sticking (Minor) at 10:16, Greg Stewart (Tex) for Hooking (Minor) at 10:49, Justin Abdelkader (VJB) for High sticking (Minor) at 14:07
3rd period
6. Influenza , Blake Comeau 14 (Rob Schremp) at 16:54 (PP)
7. Influenza , Blake Comeau 15 (Rob Schremp) at 17:12 (PP)
8. Little Stars , Nathan Gerbe 14 (Steve Regier, Tim Ramholt) at 19:33
Penalties :
Jonathan Blum (Tex) for High sticking (Minor) at 1:36, Hugh Jessiman (Tex) for High sticking (Minor) at 16:46, Boris Valabik (Tex) for Elbowing (Minor) at 17:10
Goalie Stats
Ben Scrivens (Tex), 34 saves from 40 shots - (0,850), L, 0-3-0, 60:00 minutes
Brent Krahn (VJB), 33 saves from 35 shots - (0,943), W, 9-6-4, 60:00 minutes
Players Stats for Little Stars
Player Name G A P +/- PIM S H SB GA TA FO MP PP MP PK MP
------------------------------------------------------------------------------------
Boris Valabik 0 0 0 0 2 2 3 0 1 4 0/0 27:21 2:21 2:37
Brad Isbister 0 0 0 0 0 0 1 0 0 1 0/0 11:51 0:00 0:56
Clay Wilson 0 0 0 0 0 2 1 2 1 1 0/0 19:36 1:37 1:43
Cody Bass 0 0 0 0 0 0 1 0 0 0 2/6 9:41 0:00 0:42
Colton Sceviour 0 0 0 0 0 0 1 0 0 0 0/1 9:18 0:08 0:00
Greg Stewart 1 0 1 -2 2 4 2 1 0 0 0/2 21:35 2:04 1:42
Hugh Jessiman 0 0 0 -2 4 1 2 1 0 0 1/1 19:12 2:04 0:00
Jonathan Blum 0 0 0 -1 2 0 0 0 0 0 0/0 13:06 0:00 0:00
Krys Kolanos 0 0 0 0 0 1 0 0 0 0 8/12 14:07 0:10 2:40
Matt Pelech 0 1 1 -1 0 1 1 1 0 0 0/0 13:00 0:00 0:00
Nathan Gerbe 1 0 1 1 0 7 0 2 2 0 1/4 17:11 1:46 1:00
Oskar Osala 0 0 0 0 0 0 1 0 1 1 0/0 9:18 0:08 0:00
Patrick O'Sullivan 0 1 1 -2 0 7 2 0 0 0 13/32 19:14 2:04 0:00
Steve MacIntyre 0 0 0 0 0 4 0 0 0 0 0/0 11:37 0:00 0:42
Steve Regier 0 1 1 1 0 4 3 0 0 1 0/1 17:13 1:46 1:02
Tim Ramholt 0 1 1 0 0 1 0 1 1 0 0/0 27:24 2:21 2:39
Troy Bodie 0 0 0 1 0 0 4 0 0 0 0/0 15:11 1:44 0:00
Tyler Eckford 0 0 0 0 0 1 2 1 1 0 0/0 19:38 1:37 1:45
Players Stats for Influenza
Player Name G A P +/- PIM S H SB GA TA FO MP PP MP PK MP
------------------------------------------------------------------------------------
Alexander Sulzer 0 0 0 2 0 0 1 1 0 0 0/0 11:34 0:00 0:00
Blake Comeau 4 2 6 2 0 8 2 0 1 0 0/1 20:29 2:31 1:03
Brian Salcido 0 1 1 2 0 1 1 0 1 1 0/0 11:34 0:00 0:00
Charles Linglet 0 0 0 0 0 2 0 0 0 0 0/0 11:00 0:08 1:02
Cody McCormick 0 0 0 0 0 3 1 0 1 0 3/3 12:02 0:08 0:57
Colin McDonald 0 0 0 0 0 2 1 1 0 0 1/2 11:04 0:07 0:00
Colton Orr 0 0 0 0 0 1 0 0 0 0 0/1 10:09 0:00 1:03
Jaime Sifers 0 0 0 -1 0 1 2 3 0 1 0/0 21:29 2:14 1:36
Jamie McBain 0 0 0 -1 0 2 0 2 2 3 0/0 21:29 2:14 1:36
Juraj Mikus 0 0 0 0 2 1 0 0 0 0 4/5 9:09 0:00 0:00
Justin Abdelkader 1 3 4 2 2 5 1 0 0 0 0/2 19:46 2:30 0:00
Lasse Kukkonen 0 0 0 0 0 2 1 2 0 0 0/0 26:57 2:08 2:22
Rob Schremp 1 2 3 -1 0 3 1 1 1 1 10/16 19:17 2:30 1:58
Robbie Earl 0 0 0 -1 0 1 3 1 0 1 0/1 16:00 1:44 0:00
Ryan Carter 0 2 2 2 0 2 2 1 0 0 16/28 20:47 1:44 1:53
Ryan Russell 0 0 0 0 0 0 2 0 0 0 0/0 10:17 0:00 0:00
Ryan Vesce 0 0 0 -1 0 6 3 0 2 0 0/0 16:00 1:44 0:00
Tim Gleason 0 0 0 0 0 0 1 1 0 0 0/0 26:57 2:08 2:22
3 Stars
1 - Blake Comeau (VJB)
2 - Justin Abdelkader (VJB)
3 - Rob Schremp (VJB)
Power Play
Little Stars - 0 on 2 Attempt(s) - 0,00%
Influenza - 3 on 5 Attempt(s) - 60,00%
Penalty Kill
Little Stars - 2 on 5 Attempt(s) - 40,00%
- Score 0 goal in Penalty Kill
Influenza - 2 on 2 Attempt(s) - 100,00%
- Score 0 goal in Penalty Kill
Official
Referees : Fraser Kerry and Kozari Steve
Linesman : Tony Sericolo and Brian Mach
Game Notes
0:12 of 2nd period - Little Stars goal is going for a video replay. After video review, No Goal. The referee deems the play has been stopped, even if he had not physically had the opportunity to stop play by blowing his whistle.
Blake Comeau has scored a Hat Trick!
Little Stars
5 vs 5 Forward
Center Left Wing Right Wing Time % Phy DF OF
1 Patrick O'Sullivan Greg Stewart Hugh Jessiman 40 1 2 2
2 Nathan Gerbe Steve Regier Troy Bodie 30 1 2 2
3 Krys Kolanos Brad Isbister Steve MacIntyre 20 1 2 2
4 Cody Bass Oskar Osala Colton Sceviour 10 1 2 2
5 vs 5 Defense
Defense Defense Time % Phy DF OF
1 Boris Valabik Tim Ramholt 40 1 2 2
2 Clay Wilson Tyler Eckford 30 1 2 2
3 Matt Pelech Jonathan Blum 20 1 2 2
4 Boris Valabik Tim Ramholt 10 1 2 2
PowerPlay Forward
Center Left Wing Right Wing Time % Phy DF OF
1 Patrick O'Sullivan Greg Stewart Hugh Jessiman 60 1 2 2
2 Nathan Gerbe Steve Regier Troy Bodie 40 1 2 2
PowerPlay Defense
Defense Defense Time % Phy DF OF
1 Boris Valabik Tim Ramholt 60 1 2 2
2 Clay Wilson Tyler Eckford 40 1 2 2
Penalty Kill 4 Players Forward
Center Wing Time % Phy DF OF
1 Krys Kolanos Greg Stewart 60 1 2 2
2 Nathan Gerbe Steve Regier 40 1 2 2
Penalty Kill 4 Players Defense
Defense Defense Time % Phy DF OF
1 Boris Valabik Tim Ramholt 60 1 2 2
2 Clay Wilson Tyler Eckford 40 1 2 2
Penalty Kill - 3 Players Forward
Forward Time % Phy DF OF
1 Greg Stewart 60 1 2 2
2 Steve Regier 40 1 2 2
Penalty Kill - 3 Players Defense
Defense Defense Time % Phy DF OF
1 Boris Valabik Tim Ramholt 60 1 2 2
2 Clay Wilson Tyler Eckford 40 1 2 2
4 vs 4 Forward
Center Wing Time % Phy DF OF
1 Patrick O'Sullivan Greg Stewart 60 1 2 2
2 Nathan Gerbe Steve Regier 40 1 2 2
4 vs 4 Defense
Defense Defense Time % Phy DF OF
1 Boris Valabik Tim Ramholt 60 1 2 2
2 Clay Wilson Tyler Eckford 40 1 2 2
Last Minutes Offensive
Center Left Wing Right Wing Defense Defense
Patrick O'Sullivan Steve Regier Hugh Jessiman Boris Valabik Tim Ramholt
Last Minutes Defensive
Center Left Wing Right Wing Defense Defense
Krys Kolanos Greg Stewart Hugh Jessiman Boris Valabik Tim Ramholt
Goaltenders
Starting : Ben Scrivens
Backup : Alex Auld
Extra Forwards
Normal : Krys Kolanos, Oskar Osala, Cody Bass - PP : Krys Kolanos, Oskar Osala - PK : Krys Kolanos
Extra Defensemen
Normal : Tyler Eckford, Matt Pelech, Boris Valabik - PP : Tyler Eckford - PK : Tyler Eckford, Matt Pelech
Penalty Shots
Patrick O'Sullivan, Steve Regier, Krys Kolanos, Cody Bass, Greg Stewart
Influenza
5 vs 5 Forward
Center Left Wing Right Wing Time % Phy DF OF
1 Ryan Carter Justin Abdelkader Blake Comeau 40 1 1 3
2 Rob Schremp Robbie Earl Ryan Vesce 30 1 1 3
3 Cody McCormick Ryan Russell Colin McDonald 20 1 2 2
4 Juraj Mikus Charles Linglet Colton Orr 10 1 2 2
5 vs 5 Defense
Defense Defense Time % Phy DF OF
1 Tim Gleason Lasse Kukkonen 40 1 2 2
2 Jamie McBain Jaime Sifers 30 1 2 2
3 Alexander Sulzer Brian Salcido 20 1 2 2
4 Tim Gleason Lasse Kukkonen 10 1 2 2
PowerPlay Forward
Center Left Wing Right Wing Time % Phy DF OF
1 Rob Schremp Justin Abdelkader Blake Comeau 60 1 2 2
2 Ryan Carter Robbie Earl Ryan Vesce 40 1 2 2
PowerPlay Defense
Defense Defense Time % Phy DF OF
1 Tim Gleason Lasse Kukkonen 60 1 2 2
2 Jamie McBain Jaime Sifers 40 1 2 2
Penalty Kill 4 Players Forward
Center Wing Time % Phy DF OF
1 Rob Schremp Ryan Carter 60 1 2 2
2 Colton Orr Blake Comeau 40 1 2 2
Penalty Kill 4 Players Defense
Defense Defense Time % Phy DF OF
1 Tim Gleason Lasse Kukkonen 60 1 2 2
2 Jamie McBain Jaime Sifers 40 1 2 2
Penalty Kill - 3 Players Forward
Forward Time % Phy DF OF
1 Rob Schremp 60 1 2 2
2 Ryan Carter 40 1 2 2
Penalty Kill - 3 Players Defense
Defense Defense Time % Phy DF OF
1 Tim Gleason Lasse Kukkonen 60 1 2 2
2 Jamie McBain Jaime Sifers 40 1 2 2
4 vs 4 Forward
Center Wing Time % Phy DF OF
1 Rob Schremp Blake Comeau 60 1 2 2
2 Ryan Carter Justin Abdelkader 40 1 2 2
4 vs 4 Defense
Defense Defense Time % Phy DF OF
1 Tim Gleason Lasse Kukkonen 60 1 2 2
2 Jamie McBain Jaime Sifers 40 1 2 2
Last Minutes Offensive
Center Left Wing Right Wing Defense Defense
Rob Schremp Justin Abdelkader Colton Orr Tim Gleason Lasse Kukkonen
Last Minutes Defensive
Center Left Wing Right Wing Defense Defense
Rob Schremp Justin Abdelkader Colton Orr Tim Gleason Lasse Kukkonen
Goaltenders
Starting : Brent Krahn
Backup : Alex Stalock
Extra Forwards
Normal : Colton Orr, Ryan Vesce, Cody McCormick - PP : Ryan Vesce, Blake Comeau - PK : Cody McCormick
Extra Defensemen
Normal : Lasse Kukkonen, Alexander Sulzer, Jamie McBain - PP : Lasse Kukkonen - PK : Alexander Sulzer, Jamie McBain
Penalty Shots
Rob Schremp, Ryan Carter, Colton Orr, Blake Comeau, Justin Abdelkader
% Time on Ice - Little Stars
Lines # - Real PCT - Wanted PCT - Time Play
Normal Forward
1 - 35% - 40% - 18:01
2 - 27% - 30% - 13:45
3 - 21% - 20% - 10:55
4 - 17% - 10% - 8:59
Normal Defense
1 - 40% - 40% - 20:38
2 - 31% - 30% - 16:16
3 - 25% - 20% - 13:00
4 - 3% - 10% - 1:46
PP Forward
1 - 55% - 60% - 2:12
2 - 45% - 40% - 1:46
PP Defense
1 - 59% - 60% - 2:21
2 - 41% - 40% - 1:37
PK Forward
1 - 84% - 60% - 3:41
2 - 16% - 40% - 0:41
PK Defense
1 - 61% - 60% - 2:39
2 - 39% - 40% - 1:43
PK3 Forward
1 - 0% - 60%
2 - 0% - 40%
PK3 Defense
1 - 0% - 60%
2 - 0% - 40%
44 Forward
1 - 0% - 60%
2 - 0% - 40%
44 Defense
1 - 0% - 60%
2 - 0% - 40%
Last Minute Offensive - 0:00
Last Minute Defensive - 0:00
Total
Forward - 60:00
Defense - 60:00
|
% Time on Ice - Influenza
Lines # - Real PCT - Wanted PCT - Time Play
Normal Forward
1 - 35% - 40% - 18:01
2 - 28% - 30% - 14:16
3 - 20% - 20% - 10:17
4 - 18% - 10% - 9:06
Normal Defense
1 - 39% - 40% - 20:13
2 - 34% - 30% - 17:39
3 - 22% - 20% - 11:34
4 - 4% - 10% - 2:14
PP Forward
1 - 60% - 60% - 2:38
2 - 40% - 40% - 1:44
PP Defense
1 - 49% - 60% - 2:08
2 - 51% - 40% - 2:14
PK Forward
1 - 74% - 60% - 2:55
2 - 26% - 40% - 1:03
PK Defense
1 - 60% - 60% - 2:22
2 - 40% - 40% - 1:36
PK3 Forward
1 - 0% - 60%
2 - 0% - 40%
PK3 Defense
1 - 0% - 60%
2 - 0% - 40%
44 Forward
1 - 0% - 60%
2 - 0% - 40%
44 Defense
1 - 0% - 60%
2 - 0% - 40%
Last Minute Offensive - 0:00
Last Minute Defensive - 0:00
Total
Forward - 60:00
Defense - 60:00
|
Play by Play
1st period
0:01 of 1st period - Patrick O'Sullivan wins face-off versus Ryan Carter in neutral zone.
0:52 of 1st period - Clay Wilson is hit by Colin McDonald and loses puck.
1:35 of 1st period - Snap shot by Justin Abdelkader.
1:35 of 1st period - Stopped by Ben Scrivens with a rebound.
1:37 of 1st period - Slapshot by Justin Abdelkader.
1:37 of 1st period - Goal by Justin Abdelkader - Little Stars : 0 - Influenza : 1.
1:38 of 1st period - Rob Schremp wins face-off versus Nathan Gerbe in neutral zone.
1:53 of 1st period - Slapshot by Rob Schremp.
1:53 of 1st period - Shot Misses the Net.
2:03 of 1st period - Lasse Kukkonen is hit by Greg Stewart and loses puck.
2:43 of 1st period - Off-side.
2:44 of 1st period - Cody Bass wins face-off versus Colton Orr in neutral zone.
3:09 of 1st period - Matt Pelech is hit by Tim Gleason and loses puck.
3:20 of 1st period - Snap shot by Greg Stewart.
3:20 of 1st period - Shot Misses the Net.
3:55 of 1st period - Slapshot by Jaime Sifers.
3:55 of 1st period - Shot Blocked by Tyler Eckford.
4:17 of 1st period - Slapshot by Jamie McBain.
4:17 of 1st period - Shot Blocked by Greg Stewart.
4:41 of 1st period - Tim Ramholt is hit by Ryan Carter and loses puck.
4:52 of 1st period - Tim Gleason is hit by Boris Valabik and loses puck.
5:01 of 1st period - Snap shot by Rob Schremp.
5:01 of 1st period - Deflect By Robbie Earl.
5:01 of 1st period - Shot Misses the Net.
5:01 of 1st period - Puck is out of play.
5:02 of 1st period - Cody McCormick wins face-off versus Patrick O'Sullivan in Little Stars zone.
5:11 of 1st period - Wrist shot by Greg Stewart.
5:11 of 1st period - Shot Misses the Net.
5:13 of 1st period - Wrist shot by Hugh Jessiman.
5:13 of 1st period - Stopped by Brent Krahn with a rebound.
5:29 of 1st period - Blake Comeau is hit by Troy Bodie and loses puck.
5:40 of 1st period - Wrist shot by Nathan Gerbe.
5:40 of 1st period - Stopped by Brent Krahn without a rebound.
5:41 of 1st period - Krys Kolanos wins face-off versus Robbie Earl in Influenza zone.
5:54 of 1st period - Snap shot by Steve MacIntyre.
5:54 of 1st period - Stopped by Brent Krahn without a rebound.
5:55 of 1st period - Ryan Carter wins face-off versus Patrick O'Sullivan in Influenza zone.
6:20 of 1st period - Lasse Kukkonen is hit by Troy Bodie and loses puck.
7:07 of 1st period - Backhand shot by Clay Wilson.
7:07 of 1st period - Shot Misses the Net.
7:09 of 1st period - Slapshot by Clay Wilson.
7:09 of 1st period - Shot Blocked by Jamie McBain.
7:11 of 1st period - Wrist shot by Oskar Osala.
7:11 of 1st period - Shot Misses the Net.
7:13 of 1st period - Slapshot by Clay Wilson.
7:13 of 1st period - Stopped by Brent Krahn without a rebound.
7:14 of 1st period - Ryan Carter wins face-off versus Patrick O'Sullivan in Influenza zone.
7:44 of 1st period - Matt Pelech is hit by Ryan Vesce and loses puck.
8:09 of 1st period - Wrist shot by Steve MacIntyre.
8:09 of 1st period - Stopped by Brent Krahn with a rebound.
8:11 of 1st period - Snap shot by Krys Kolanos.
8:11 of 1st period - Shot Blocked by Jamie McBain.
8:13 of 1st period - Snap shot by Matt Pelech.
8:13 of 1st period - Stopped by Brent Krahn with a rebound.
8:15 of 1st period - Wrist shot by Brad Isbister.
8:15 of 1st period - Shot Blocked by Jaime Sifers.
8:31 of 1st period - Slapshot by Jamie McBain.
8:31 of 1st period - Shot Misses the Net.
8:33 of 1st period - Slapshot by Jaime Sifers.
8:33 of 1st period - Shot Misses the Net.
8:35 of 1st period - Wrist shot by Charles Linglet.
8:35 of 1st period - Stopped by Ben Scrivens with a rebound.
8:37 of 1st period - Snap shot by Jamie McBain.
8:37 of 1st period - Stopped by Ben Scrivens without a rebound.
8:38 of 1st period - Ryan Carter wins face-off versus Patrick O'Sullivan in Little Stars zone.
8:39 of 1st period - Snap shot by Blake Comeau.
8:39 of 1st period - Stopped by Ben Scrivens with a rebound.
8:41 of 1st period - Slapshot by Lasse Kukkonen.
8:41 of 1st period - Stopped by Ben Scrivens without a rebound.
8:42 of 1st period - Ryan Carter wins face-off versus Patrick O'Sullivan in Little Stars zone.
11:45 of 1st period - Slapshot by Patrick O'Sullivan.
11:45 of 1st period - Shot Misses the Net.
12:22 of 1st period - Wrist shot by Ryan Vesce.
12:22 of 1st period - Stopped by Ben Scrivens with a rebound.
12:34 of 1st period - Wrist shot by Colton Orr.
12:34 of 1st period - Deflect By Charles Linglet.
12:34 of 1st period - Shot Misses the Net.
12:34 of 1st period - Puck is out of play.
12:35 of 1st period - Juraj Mikus wins face-off versus Krys Kolanos in Little Stars zone.
13:35 of 1st period - Ryan Vesce is hit by Steve Regier and loses puck.
13:42 of 1st period - Steve Regier is hit by Robbie Earl and loses puck.
13:47 of 1st period - Wrist shot by Ryan Vesce.
13:47 of 1st period - Stopped by Ben Scrivens without a rebound.
13:48 of 1st period - Patrick O'Sullivan wins face-off versus Ryan Carter in Little Stars zone.
13:53 of 1st period - Slapshot by Greg Stewart.
13:53 of 1st period - Shot Misses the Net.
13:55 of 1st period - Wrist shot by Patrick O'Sullivan.
13:55 of 1st period - Stopped by Brent Krahn with a rebound.
13:57 of 1st period - Snap shot by Patrick O'Sullivan.
13:57 of 1st period - Shot Misses the Net.
14:15 of 1st period - Matt Pelech is hit by Ryan Russell and loses puck.
15:00 of 1st period - Wrist shot by Greg Stewart.
15:00 of 1st period - Shot Blocked by Robbie Earl.
15:02 of 1st period - Wrist shot by Patrick O'Sullivan.
15:02 of 1st period - Stopped by Brent Krahn without a rebound.
15:03 of 1st period - Ryan Carter wins face-off versus Patrick O'Sullivan in Influenza zone.
15:14 of 1st period - Slapshot by Blake Comeau.
15:14 of 1st period - Goal by Blake Comeau - Little Stars : 0 - Influenza : 2.
15:15 of 1st period - Patrick O'Sullivan wins face-off versus Ryan Carter in neutral zone.
15:20 of 1st period - Wrist shot by Patrick O'Sullivan.
15:20 of 1st period - Shot Misses the Net.
15:49 of 1st period - Slapshot by Rob Schremp.
15:49 of 1st period - Stopped by Ben Scrivens without a rebound.
15:50 of 1st period - Patrick O'Sullivan wins face-off versus Rob Schremp in Little Stars zone.
15:50 of 1st period - Patrick O'Sullivan is hit by Ryan Vesce.
16:06 of 1st period - Slapshot by Greg Stewart.
16:06 of 1st period - Shot Blocked by Rob Schremp.
17:42 of 1st period - Snap shot by Ryan Carter.
17:42 of 1st period - Shot Misses the Net.
17:57 of 1st period - Icing by Ryan Carter.
17:58 of 1st period - Krys Kolanos wins face-off versus Ryan Carter in Influenza zone.
18:01 of 1st period - Slapshot by Steve MacIntyre.
18:01 of 1st period - Stopped by Brent Krahn with a rebound.
18:09 of 1st period - Snap shot by Blake Comeau.
18:09 of 1st period - Shot Blocked by Hugh Jessiman.
18:21 of 1st period - Wrist shot by Justin Abdelkader.
18:21 of 1st period - Stopped by Ben Scrivens with a rebound.
18:23 of 1st period - Wrist shot by Blake Comeau.
18:23 of 1st period - Goal by Blake Comeau - Little Stars : 0 - Influenza : 3.
18:24 of 1st period - Patrick O'Sullivan wins face-off versus Rob Schremp in neutral zone.
18:31 of 1st period - Slapshot by Ryan Vesce.
18:31 of 1st period - Stopped by Ben Scrivens without a rebound.
18:32 of 1st period - Rob Schremp wins face-off versus Patrick O'Sullivan in Little Stars zone.
18:39 of 1st period - Wrist shot by Patrick O'Sullivan.
18:39 of 1st period - Shot Misses the Net.
18:57 of 1st period - Ryan Vesce is hit by Boris Valabik and loses puck.
19:02 of 1st period - Snap shot by Steve MacIntyre.
19:02 of 1st period - Shot Misses the Net.
19:04 of 1st period - Snap shot by Tim Ramholt.
19:04 of 1st period - Shot Misses the Net.
19:06 of 1st period - Wrist shot by Krys Kolanos.
19:06 of 1st period - Stopped by Brent Krahn with a rebound.
19:22 of 1st period - Wrist shot by Justin Abdelkader.
19:22 of 1st period - Shot Blocked by Nathan Gerbe.
19:44 of 1st period - Slapshot by Cody McCormick.
19:44 of 1st period - Stopped by Ben Scrivens with a rebound.
19:50 of 1st period - Oskar Osala is hit by Ryan Russell and loses puck.
2nd period
0:01 of 2nd period - Patrick O'Sullivan wins face-off versus Ryan Carter in neutral zone.
0:10 of 2nd period - Wrist shot by Hugh Jessiman.
0:10 of 2nd period - Shot Misses the Net.
0:12 of 2nd period - Wrist shot by Greg Stewart.
0:12 of 2nd period - Deflect By Ryan Carter.
0:12 of 2nd period - Little Stars goal is going for a video replay.
0:12 of 2nd period - The goal is refused. The referee deems the play has been stopped, even if he had not physically had the opportunity to stop play by blowing his whistle..
0:13 of 2nd period - Patrick O'Sullivan wins face-off versus Ryan Carter in Influenza zone.
0:47 of 2nd period - Off-side.
0:48 of 2nd period - Rob Schremp wins face-off versus Krys Kolanos in neutral zone.
0:59 of 2nd period - Steve MacIntyre is hit by Ryan Vesce and loses puck.
1:36 of 2nd period - Tim Gleason is hit by Steve Regier and loses puck.
1:41 of 2nd period - Wrist shot by Nathan Gerbe.
1:41 of 2nd period - Shot Misses the Net.
1:56 of 2nd period - Off-side.
1:57 of 2nd period - Cody Bass wins face-off versus Juraj Mikus in neutral zone.
1:57 of 2nd period - Minor Penalty to Juraj Mikus for Hooking.
1:58 of 2nd period - Rob Schremp wins face-off versus Patrick O'Sullivan in Influenza zone.
2:33 of 2nd period - Snap shot by Steve Regier.
2:33 of 2nd period - Stopped by Brent Krahn with a rebound.
2:55 of 2nd period - Charles Linglet is hit by Patrick O'Sullivan and loses puck.
3:22 of 2nd period - Greg Stewart is hit by Blake Comeau and loses puck.
3:39 of 2nd period - Steve Regier is hit by Cody McCormick and loses puck.
3:57 of 2nd period - Penalty to Juraj Mikus is over, Juraj Mikus is back on ice.
4:00 of 2nd period - Snap shot by Rob Schremp.
4:00 of 2nd period - Stopped by Ben Scrivens without a rebound.
4:01 of 2nd period - Cody McCormick wins face-off versus Nathan Gerbe in Little Stars zone.
4:14 of 2nd period - Slapshot by Jaime Sifers.
4:14 of 2nd period - Shot Blocked by Clay Wilson.
4:33 of 2nd period - Snap shot by Colton Orr.
4:33 of 2nd period - Shot Misses the Net.
4:35 of 2nd period - Wrist shot by Jaime Sifers.
4:35 of 2nd period - Deflect By Juraj Mikus.
4:35 of 2nd period - Stopped by Ben Scrivens with a rebound.
4:55 of 2nd period - Jaime Sifers is hit by Greg Stewart and loses puck.
5:33 of 2nd period - Clay Wilson is hit by Ryan Carter and loses puck.
5:40 of 2nd period - Wrist shot by Ryan Carter.
5:40 of 2nd period - Stopped by Ben Scrivens without a rebound.
5:41 of 2nd period - Rob Schremp wins face-off versus Steve Regier in Little Stars zone.
6:10 of 2nd period - Backhand shot by Boris Valabik.
6:10 of 2nd period - Shot Blocked by Lasse Kukkonen.
6:32 of 2nd period - Slapshot by Jamie McBain.
6:32 of 2nd period - Stopped by Ben Scrivens with a rebound.
7:33 of 2nd period - Wrist shot by Blake Comeau.
7:33 of 2nd period - Shot Misses the Net.
7:35 of 2nd period - Snap shot by Alexander Sulzer.
7:35 of 2nd period - Shot Blocked by Nathan Gerbe.
7:41 of 2nd period - Snap shot by Justin Abdelkader.
7:41 of 2nd period - Stopped by Ben Scrivens without a rebound.
7:42 of 2nd period - Patrick O'Sullivan wins face-off versus Rob Schremp in Little Stars zone.
8:52 of 2nd period - Wrist shot by Nathan Gerbe.
8:52 of 2nd period - Shot Misses the Net.
9:13 of 2nd period - Slapshot by Greg Stewart.
9:13 of 2nd period - Stopped by Brent Krahn with a rebound.
9:15 of 2nd period - Slapshot by Patrick O'Sullivan.
9:15 of 2nd period - Stopped by Brent Krahn without a rebound.
9:16 of 2nd period - Rob Schremp wins face-off versus Patrick O'Sullivan in Influenza zone.
9:16 of 2nd period - Rob Schremp is hit by Hugh Jessiman.
9:50 of 2nd period - Wrist shot by Steve Regier.
9:50 of 2nd period - Deflect By Troy Bodie.
9:50 of 2nd period - Shot Misses the Net.
9:50 of 2nd period - Puck is out of play.
9:51 of 2nd period - Ryan Carter wins face-off versus Patrick O'Sullivan in Influenza zone.
9:58 of 2nd period - Snap shot by Greg Stewart.
9:58 of 2nd period - Stopped by Brent Krahn with a rebound.
10:00 of 2nd period - Snap shot by Greg Stewart.
10:00 of 2nd period - Shot Misses the Net.
10:02 of 2nd period - Slapshot by Matt Pelech.
10:02 of 2nd period - Shot Misses the Net.
10:04 of 2nd period - Backhand shot by Matt Pelech.
10:04 of 2nd period - Deflect By Greg Stewart.
10:04 of 2nd period - Goal by Greg Stewart - Little Stars : 1 - Influenza : 3.
10:05 of 2nd period - Patrick O'Sullivan wins face-off versus Ryan Carter in neutral zone.
10:08 of 2nd period - Ryan Carter is hit by Tyler Eckford and loses puck.
10:16 of 2nd period - Minor Penalty to Hugh Jessiman for High sticking.
10:17 of 2nd period - Krys Kolanos wins face-off versus Justin Abdelkader in Little Stars zone.
10:30 of 2nd period - Snap shot by Rob Schremp.
10:30 of 2nd period - Goal by Rob Schremp - Little Stars : 1 - Influenza : 4.
10:31 of 2nd period - Patrick O'Sullivan wins face-off versus Ryan Carter in neutral zone.
10:34 of 2nd period - Wrist shot by Greg Stewart.
10:34 of 2nd period - Deflect By Patrick O'Sullivan.
10:34 of 2nd period - Stopped by Brent Krahn with a rebound.
10:40 of 2nd period - Wrist shot by Blake Comeau.
10:40 of 2nd period - Stopped by Ben Scrivens without a rebound.
10:41 of 2nd period - Patrick O'Sullivan wins face-off versus Justin Abdelkader in Little Stars zone.
10:49 of 2nd period - Minor Penalty to Greg Stewart for Hooking.
10:50 of 2nd period - Krys Kolanos wins face-off versus Rob Schremp in Little Stars zone.
11:41 of 2nd period - Jamie McBain is hit by Cody Bass and loses puck.
12:49 of 2nd period - Penalty to Greg Stewart is over, Greg Stewart is back on ice.
13:24 of 2nd period - Snap shot by Nathan Gerbe.
13:24 of 2nd period - Shot Misses the Net.
13:28 of 2nd period - Snap shot by Nathan Gerbe.
13:28 of 2nd period - Stopped by Brent Krahn without a rebound.
13:29 of 2nd period - Ryan Carter wins face-off versus Colton Sceviour in Influenza zone.
13:29 of 2nd period - Ryan Carter is hit by Colton Sceviour.
13:57 of 2nd period - Slapshot by Boris Valabik.
13:57 of 2nd period - Deflect By Ryan Vesce.
13:57 of 2nd period - Stopped by Brent Krahn without a rebound.
13:58 of 2nd period - Ryan Carter wins face-off versus Patrick O'Sullivan in Influenza zone.
14:07 of 2nd period - Minor Penalty to Justin Abdelkader for High sticking.
14:08 of 2nd period - Rob Schremp wins face-off versus Patrick O'Sullivan in Influenza zone.
16:05 of 2nd period - Rob Schremp is hit by Clay Wilson and loses puck.
16:07 of 2nd period - Penalty to Justin Abdelkader is over, Justin Abdelkader is back on ice.
16:28 of 2nd period - Snap shot by Steve MacIntyre.
16:28 of 2nd period - Stopped by Brent Krahn without a rebound.
16:29 of 2nd period - Krys Kolanos wins face-off versus Colin McDonald in Influenza zone.
16:40 of 2nd period - Slapshot by Colin McDonald.
16:40 of 2nd period - Stopped by Ben Scrivens with a rebound.
16:42 of 2nd period - Snap shot by Colin McDonald.
16:42 of 2nd period - Stopped by Ben Scrivens with a rebound.
16:44 of 2nd period - Slapshot by Brian Salcido.
16:44 of 2nd period - Stopped by Ben Scrivens with a rebound.
16:58 of 2nd period - Wrist shot by Oskar Osala.
16:58 of 2nd period - Deflect By Cody Bass.
16:58 of 2nd period - Shot Blocked by Alexander Sulzer.
16:58 of 2nd period - Puck is out of play.
16:59 of 2nd period - Juraj Mikus wins face-off versus Cody Bass in Influenza zone.
17:12 of 2nd period - Backhand shot by Colton Orr.
17:12 of 2nd period - Stopped by Ben Scrivens with a rebound.
17:21 of 2nd period - Icing by Cody Bass.
17:22 of 2nd period - Cody McCormick wins face-off versus Cody Bass in Little Stars zone.
18:53 of 2nd period - Wrist shot by Cody McCormick.
18:53 of 2nd period - Shot Blocked by Matt Pelech.
19:09 of 2nd period - Snap shot by Ryan Carter.
19:09 of 2nd period - Shot Misses the Net.
19:15 of 2nd period - Snap shot by Blake Comeau.
19:15 of 2nd period - Shot Misses the Net.
19:17 of 2nd period - Wrist shot by Blake Comeau.
19:17 of 2nd period - Stopped by Ben Scrivens with a rebound.
19:33 of 2nd period - Brad Isbister is hit by Brian Salcido and loses puck.
19:52 of 2nd period - Colin McDonald is hit by Oskar Osala and loses puck.
3rd period
0:01 of 3rd period - Ryan Carter wins face-off versus Patrick O'Sullivan in neutral zone.
1:13 of 3rd period - Snap shot by Tim Gleason.
1:13 of 3rd period - Shot Blocked by Clay Wilson.
1:15 of 3rd period - Snap shot by Charles Linglet.
1:15 of 3rd period - Stopped by Ben Scrivens without a rebound.
1:16 of 3rd period - Juraj Mikus wins face-off versus Patrick O'Sullivan in Little Stars zone.
1:31 of 3rd period - Snap shot by Greg Stewart.
1:31 of 3rd period - Shot Misses the Net.
1:36 of 3rd period - Minor Penalty to Jonathan Blum for High sticking.
1:37 of 3rd period - Krys Kolanos wins face-off versus Rob Schremp in Little Stars zone.
1:48 of 3rd period - Slapshot by Krys Kolanos.
1:48 of 3rd period - Shot Blocked by Jaime Sifers.
2:11 of 3rd period - Slapshot by Jamie McBain.
2:11 of 3rd period - Deflect By Ryan Vesce.
2:11 of 3rd period - Stopped by Ben Scrivens with a rebound.
2:13 of 3rd period - Slapshot by Jaime Sifers.
2:13 of 3rd period - Stopped by Ben Scrivens with a rebound.
2:15 of 3rd period - Backhand shot by Robbie Earl.
2:15 of 3rd period - Stopped by Ben Scrivens without a rebound.
2:16 of 3rd period - Ryan Carter wins face-off versus Krys Kolanos in Little Stars zone.
2:21 of 3rd period - Snap shot by Ryan Vesce.
2:21 of 3rd period - Stopped by Ben Scrivens with a rebound.
2:23 of 3rd period - Snap shot by Ryan Vesce.
2:23 of 3rd period - Stopped by Ben Scrivens with a rebound.
2:49 of 3rd period - Off-side.
2:50 of 3rd period - Rob Schremp wins face-off versus Nathan Gerbe in neutral zone.
3:36 of 3rd period - Penalty to Jonathan Blum is over, Jonathan Blum is back on ice.
3:42 of 3rd period - Snap shot by Nathan Gerbe.
3:42 of 3rd period - Deflect By Steve Regier.
3:42 of 3rd period - Shot Misses the Net.
3:42 of 3rd period - Puck is out of play.
3:43 of 3rd period - Colin McDonald wins face-off versus Cody Bass in Influenza zone.
3:58 of 3rd period - Snap shot by Cody McCormick.
3:58 of 3rd period - Stopped by Ben Scrivens without a rebound.
3:59 of 3rd period - Ryan Carter wins face-off versus Patrick O'Sullivan in Little Stars zone.
4:04 of 3rd period - Wrist shot by Justin Abdelkader.
4:04 of 3rd period - Stopped by Ben Scrivens with a rebound.
4:08 of 3rd period - Snap shot by Justin Abdelkader.
4:08 of 3rd period - Shot Misses the Net.
4:10 of 3rd period - Slapshot by Lasse Kukkonen.
4:10 of 3rd period - Deflect By Greg Stewart.
4:10 of 3rd period - Stopped by Ben Scrivens with a rebound.
4:12 of 3rd period - Snap shot by Tim Gleason.
4:12 of 3rd period - Shot Misses the Net.
4:14 of 3rd period - Wrist shot by Blake Comeau.
4:14 of 3rd period - Stopped by Ben Scrivens with a rebound.
4:24 of 3rd period - Ryan Vesce is hit by Troy Bodie and loses puck.
4:31 of 3rd period - Slapshot by Nathan Gerbe.
4:31 of 3rd period - Stopped by Brent Krahn without a rebound.
4:32 of 3rd period - Nathan Gerbe wins face-off versus Ryan Carter in Influenza zone.
4:33 of 3rd period - Slapshot by Steve Regier.
4:33 of 3rd period - Shot Misses the Net.
4:35 of 3rd period - Snap shot by Nathan Gerbe.
4:35 of 3rd period - Stopped by Brent Krahn with a rebound.
4:48 of 3rd period - Jaime Sifers is hit by Steve Regier and loses puck.
5:32 of 3rd period - Snap shot by Steve MacIntyre.
5:32 of 3rd period - Shot Blocked by Colin McDonald.
5:55 of 3rd period - Icing by Colton Orr.
5:56 of 3rd period - Juraj Mikus wins face-off versus Patrick O'Sullivan in Influenza zone.
6:21 of 3rd period - Justin Abdelkader is hit by Boris Valabik and loses puck.
6:28 of 3rd period - Steve Regier is hit by Justin Abdelkader and loses puck.
6:49 of 3rd period - Krys Kolanos is hit by Robbie Earl and loses puck.
7:02 of 3rd period - Brian Salcido is hit by Hugh Jessiman.
7:30 of 3rd period - Slapshot by Boris Valabik.
7:30 of 3rd period - Shot Blocked by Jaime Sifers.
8:27 of 3rd period - Snap shot by Ryan Carter.
8:27 of 3rd period - Stopped by Ben Scrivens without a rebound.
8:28 of 3rd period - Hugh Jessiman wins face-off versus Ryan Carter in Little Stars zone.
8:37 of 3rd period - Snap shot by Greg Stewart.
8:37 of 3rd period - Shot Misses the Net.
8:39 of 3rd period - Snap shot by Matt Pelech.
8:39 of 3rd period - Shot Blocked by Ryan Carter.
8:41 of 3rd period - Snap shot by Greg Stewart.
8:41 of 3rd period - Shot Blocked by Lasse Kukkonen.
8:43 of 3rd period - Backhand shot by Hugh Jessiman.
8:43 of 3rd period - Shot Blocked by Tim Gleason.
8:58 of 3rd period - Troy Bodie is hit by Lasse Kukkonen and loses puck.
9:21 of 3rd period - Snap shot by Cody McCormick.
9:21 of 3rd period - Stopped by Ben Scrivens without a rebound.
9:22 of 3rd period - Ryan Carter wins face-off versus Patrick O'Sullivan in Little Stars zone.
9:31 of 3rd period - Snap shot by Patrick O'Sullivan.
9:31 of 3rd period - Stopped by Brent Krahn with a rebound.
9:54 of 3rd period - Off-side.
9:55 of 3rd period - Krys Kolanos wins face-off versus Rob Schremp in neutral zone.
9:55 of 3rd period - Steve MacIntyre is hit by Robbie Earl and loses puck.
10:00 of 3rd period - Snap shot by Brad Isbister.
10:00 of 3rd period - Shot Misses the Net.
12:03 of 3rd period - Slapshot by Tim Gleason.
12:03 of 3rd period - Shot Misses the Net.
12:11 of 3rd period - Snap shot by Steve Regier.
12:11 of 3rd period - Stopped by Brent Krahn without a rebound.
12:12 of 3rd period - Ryan Carter wins face-off versus Patrick O'Sullivan in Influenza zone.
13:01 of 3rd period - Jamie McBain is hit by Brad Isbister.
13:05 of 3rd period - Krys Kolanos is hit by Alexander Sulzer and loses puck.
13:52 of 3rd period - Snap shot by Patrick O'Sullivan.
13:52 of 3rd period - Stopped by Brent Krahn with a rebound.
14:06 of 3rd period - Nathan Gerbe is hit by Rob Schremp and loses puck.
14:13 of 3rd period - Wrist shot by Nathan Gerbe.
14:13 of 3rd period - Stopped by Brent Krahn with a rebound.
14:15 of 3rd period - Backhand shot by Troy Bodie.
14:15 of 3rd period - Shot Misses the Net.
14:43 of 3rd period - Cody Bass is hit by Jaime Sifers and loses puck.
15:02 of 3rd period - Blake Comeau is hit by Matt Pelech and loses puck.
15:09 of 3rd period - Snap shot by Patrick O'Sullivan.
15:09 of 3rd period - Stopped by Brent Krahn with a rebound.
15:11 of 3rd period - Slapshot by Tim Ramholt.
15:11 of 3rd period - Stopped by Brent Krahn with a rebound.
15:13 of 3rd period - Wrist shot by Tim Ramholt.
15:13 of 3rd period - Shot Hit the Post.
15:28 of 3rd period - Robbie Earl is hit by Troy Bodie and loses puck.
16:13 of 3rd period - Alexander Sulzer is hit by Patrick O'Sullivan and loses puck.
16:37 of 3rd period - Oskar Osala is hit by Blake Comeau and loses puck.
16:44 of 3rd period - Slapshot by Clay Wilson.
16:44 of 3rd period - Deflect By Lasse Kukkonen.
16:44 of 3rd period - Stopped by Brent Krahn without a rebound.
16:45 of 3rd period - Rob Schremp wins face-off versus Patrick O'Sullivan in Influenza zone.
16:45 of 3rd period - Rob Schremp is hit by Tyler Eckford.
16:46 of 3rd period - Minor Penalty to Hugh Jessiman for High sticking.
16:47 of 3rd period - Krys Kolanos wins face-off versus Blake Comeau in Little Stars zone.
16:52 of 3rd period - Snap shot by Rob Schremp.
16:52 of 3rd period - Shot Misses the Net.
16:54 of 3rd period - Wrist shot by Blake Comeau.
16:54 of 3rd period - Goal by Blake Comeau - Little Stars : 1 - Influenza : 5.
16:55 of 3rd period - Ryan Carter wins face-off versus Greg Stewart in neutral zone.
17:10 of 3rd period - Minor Penalty to Boris Valabik for Elbowing.
17:11 of 3rd period - Rob Schremp wins face-off versus Krys Kolanos in Little Stars zone.
17:12 of 3rd period - Snap shot by Blake Comeau.
17:12 of 3rd period - Goal by Blake Comeau - Little Stars : 1 - Influenza : 6.
17:13 of 3rd period - Patrick O'Sullivan wins face-off versus Ryan Carter in neutral zone.
17:45 of 3rd period - Slapshot by Tyler Eckford.
17:45 of 3rd period - Stopped by Brent Krahn with a rebound.
17:47 of 3rd period - Wrist shot by Steve Regier.
17:47 of 3rd period - Stopped by Brent Krahn with a rebound.
17:59 of 3rd period - Snap shot by Clay Wilson.
17:59 of 3rd period - Deflect By Colton Sceviour.
17:59 of 3rd period - Shot Misses the Net.
17:59 of 3rd period - Puck is out of play.
18:00 of 3rd period - Ryan Carter wins face-off versus Cody Bass in Influenza zone.
18:05 of 3rd period - Slapshot by Jamie McBain.
18:05 of 3rd period - Deflect By Blake Comeau.
18:05 of 3rd period - Shot Blocked by Tim Ramholt.
18:05 of 3rd period - Puck is out of play.
18:06 of 3rd period - Patrick O'Sullivan wins face-off versus Ryan Carter in Little Stars zone.
18:06 of 3rd period - Patrick O'Sullivan is hit by Jaime Sifers.
19:07 of 3rd period - Wrist shot by Steve Regier.
19:07 of 3rd period - Stopped by Brent Krahn with a rebound.
19:09 of 3rd period - Slapshot by Boris Valabik.
19:09 of 3rd period - Stopped by Brent Krahn with a rebound.
19:11 of 3rd period - Snap shot by Nathan Gerbe.
19:11 of 3rd period - Shot Misses the Net.
19:13 of 3rd period - Wrist shot by Tim Ramholt.
19:13 of 3rd period - Shot Misses the Net.
19:15 of 3rd period - Snap shot by Troy Bodie.
19:15 of 3rd period - Shot Misses the Net.
19:29 of 3rd period - Snap shot by Nathan Gerbe.
19:29 of 3rd period - Stopped by Brent Krahn with a rebound.
19:31 of 3rd period - Snap shot by Steve Regier.
19:31 of 3rd period - Shot Misses the Net.
19:33 of 3rd period - Snap shot by Nathan Gerbe.
19:33 of 3rd period - Goal by Nathan Gerbe - Little Stars : 2 - Influenza : 6.
19:34 of 3rd period - Ryan Carter wins face-off versus Greg Stewart in neutral zone.
Output by the SimonT Hockey Simulator (STHS) for François Prévost -- Original Page W3C XHTML 1.0 Valid